AoeStats
← Super_Chloe

Arena

508731787Analyzed
1v1 RM · 9d ago on Sep 23, 2026· 16m 28s· 2 players
Game mode
Random Map
Map size
Tiny (2 player)
Population
200
Speed
Normal
Resources
Standard
Victory
Conquest
Starting age
Dark Age
Ending age
Imperial Age
RankedLock teamsTeams togetherTeam positionsShared explorationLock speedFull tech treeHidden civsTurbo modeCheats
Victory
Defeat
🇺🇸 Burgundians · United States
1024
+16
🇵🇪 Turks · Peru
1027
-16
Super_Chloe
5:41 Double-Bit Axe
11:24 Feudal Age
15:11 Castle Age
14:13 Bow Saw
16:18 Horse Collar
pierozpermato
9:57 Feudal Age
10:41 Loom
14:42 Castle Age
13:12 Double-Bit Axe
Connection lost

Rejoining the realm…

Still unreachable

The connection could not be restored.

Session expired

The server has moved on; the page needs a fresh start.